 Dungeon Crawl Stone Soup version 0.31-a0-1499-ge0622b2318 (webtiles) character file.

Game seed: 10719855350262428974

191924 pokeman the Sorcerer (level 17, -7/96 HPs)
             Began as a Deep Elf Hedge Wizard on Dec 28, 2023.
             Was the Champion of Vehumet.
             Shot with a bolt by a naga sharpshooter (20 damage)
             ... on level 1 of the Snake Pit on Dec 29, 2023.
             The game lasted 01:34:39 (31441 turns).

pokeman the Sorcerer (Deep Elf Hedge Wizard)       Turns: 31441, Time: 01:34:40

Health: -7/96      AC: 16    Str:  7    XL:     17   Next: 59%
Magic:  42/57      EV: 12    Int: 28    God:    Vehumet [******]
Gold:   4619       SH:  0    Dex: 18    Spells: 13/67 levels left

rFire   + + .        Q - staff of the Blind Eye {rF+ Dex+4 Stlth+ Fire Air}
rCold   x . .        (no shield)
rNeg    . . .        y - +0 acid dragon scales
rPois   +            J - +0 helmet
rElec   +            e - +2 cloak of Hairiness {rElec rC- rCorr}
rCorr   +            X - +0 pair of gloves
SInv    .            q - +0 pair of boots
Will    +....        A - amulet of magic regeneration
Stlth   +++          p - ring of Hiul {rPois rF+}
HPRegen 0.36/turn    I - ring of magical power
MPRegen 0.75/turn

%: no passive effects
@: no status effects
A: no striking features
}: 1/15 runes: barnacled
a: Renounce Religion


You were on level 1 of the Snake Pit.
You worshipped Vehumet.
Vehumet was exalted by your worship.
You visited 6 branches of the dungeon, and saw 28 of its levels.

You collected 5318 gold pieces.
You spent 699 gold pieces at shops.

Inventory:

Missiles
 E - 13 throwing nets
 U - 4 curare-tipped darts
Armour
 e - the +2 cloak of Hairiness (worn) {rElec rC- rCorr}
   (You acquired it in the Ecumenical Temple)

   rC-:       It makes you vulnerable to cold.
   rElec:     It insulates you from electricity.
   rCorr:     It protects you from acid and corrosion.
 q - a +0 pair of boots (worn)
 y - +0 acid dragon scales (worn)
 D - a +2 leather armour of cold resistance
 J - a +0 helmet (worn)
 N - a +0 buckler of reflection
 X - a +0 pair of gloves (worn)
Magical Staves
 Q - the staff of the Blind Eye (weapon) {rF+ Dex+4 Stlth+ Fire Air}
   (You found it on level 4 of the Shoals)

   [staff of fire]

   Base accuracy: +5 Base damage: 5 Base attack delay: 1.2 This weapon's minimum
   attack delay (0.6) is reached at skill level 12.
   Dex+4:     It affects your dexterity (+4).
   rF+:       It protects you from fire.
   Stlth+:    It makes you more stealthy.
   Fire:      It increases the power of your Fire spells.
   Air:       It increases the power of your Air spells.
   It falls into the 'Staves' category.
   It is a one-handed weapon.
Jewellery
 k - the ring "Imouv" {Ice rN+++}
   (You took it off a centaur warrior on level 12 of the Dungeon)

   [ring of ice]

   Ice:       It enhances your ice magic.
   rF-:       It makes you vulnerable to fire.
   rC+:       It protects you from cold.
   rN+++:     It renders you almost immune to negative energy.
 o - the ring of Somuoth {rElec rF+ Will+ Dex+4 Stlth-}
   (You found it on level 12 of the Dungeon)

   [ring of protection from fire]

   Dex+4:     It affects your dexterity (+4).
   rF+:       It protects you from fire.
   rElec:     It insulates you from electricity.
   Will+:     It increases your willpower.
   Stlth-:    It makes you less stealthy.
 p - the ring of Hiul (left hand) {rPois rF+}
   (You found it on level 12 of the Dungeon)

   [ring of protection from fire]

   rF+:       It protects you from fire.
   rPois:     It protects you from poison
 w - the ring "Talaon" {Wiz rF+}
   (You took it off an occultist on level 12 of the Dungeon)

   [ring of wizardry]

   Wiz:       It improves your spell success rate.
   rF+:       It protects you from fire.
 x - a ring of flight
 A - an amulet of magic regeneration (around neck)
 C - a ring of protection from cold
 F - a ring of fire
 I - a ring of magical power (right hand)
Wands
 O - a wand of acid (4)
Scrolls
 h - 5 scrolls of blinking
 n - 3 scrolls of revelation
 v - 9 scrolls of teleportation
Potions
 a - 3 potions of heal wounds
 d - 3 potions of magic
 j - 18 potions of curing
 R - 5 potions of haste {unknown}


   Skills:
 - Level 7.0 Fighting
 - Level 9.0 Armour
 - Level 3.0 Dodging
 - Level 3.0 Stealth
 + Level 5.1 Shields
 * Level 25.8 Spellcasting
 + Level 16.5 Conjurations
 - Level 1.1 Summonings
 - Level 1.1 Translocations
 + Level 15.2 Fire Magic
 - Level 2.3 Ice Magic
 - Level 1.0 Air Magic
 - Level 1.0 Alchemy
 - Level 1.0 Evocations


You had 13 spell levels left.
You knew the following spells:

 Your Spells              Type           Power      Damage    Failure   Level
a - Magic Dart            Conj           100%       1d8       0%          1
b - Mephitic Cloud        Conj/Alch/Air  82%        N/A       1%          3
c - Call Imp              Summ           84%        N/A       1%          2
d - Blink                 Tloc           84%        N/A       1%          2
e - Foxfire               Conj/Fire      100%       2x1d9     0%          1
f - Fireball              Conj/Fire      56%        3d22      1%          5
g - Starburst             Conj/Fire      56%        6d15      1%          6
h - Irradiate             Conj/Alch      35%        3d23      1%          5
i - Orb of Destruction    Conj           45%        9d12      1%          7
j - Freezing Cloud        Conj/Ice/Air   41%        6-21      1%          5
k - Ignite Poison         Fire/Alch      89%        N/A       1%          4
l - Ignition              Fire           55%        3d15      4%          8
m - Iskenderun's Battles  Conj           91%        2d14      1%          5

Your spell library contained the following spells:

 Spells                   Type           Power      Damage    Failure   Level
 Lehudib's Crystal Spear  Conj/Erth      35%        10d9      56%         8
 Searing Ray              Conj           100%       2d8       0%          2
 Shock                    Conj/Air       100%       1d9       1%          1
 Slow                     Hex            100%       N/A       1%          1
 Cigotuvi's Dreadful Rot  Necr/Alch/Air  100%       N/A       1%          2
 Ensorcelled Hibernation  Hex/Ice        84%        N/A       1%          2
 Jinxbite                 Hex            72%        N/A       1%          2
 Mercury Vapours          Alch/Air       100%       N/A       1%          2
 Sublimation of Blood     Necr           36%        N/A       1%          2
 Volatile Blastmotes      Fire/Tloc      100%       2d18      1%          3
 Fulminant Prism          Conj/Alch      35%        3d18      1%          4
 Iskenderun's Mystic Bla  Conj/Tloc      71%        2d14      1%          4
 Sticky Flame             Fire/Alch      89%        2d13      1%          4
 Gell's Gravitas          Tloc           42%        N/A       2%          3
 Swiftness                Air            58%        N/A       2%          3
 Teleport Other           Tloc           42%        N/A       2%          3
 Airstrike                Air            29%        2d(5-21)  2%          4
 Olgreb's Toxic Radiance  Alch           41%        N/A       2%          4
 Plasma Beam              Fire/Air       55%        2x1d71    2%          6
 Confusing Touch          Hex            36%        N/A       4%          3
 Tukima's Dance           Hex            36%        N/A       4%          3
 Passage of Golubria      Tloc           42%        N/A       9%          4
 Yara's Violent Unravell  Hex/Alch       19%        3d9       9%          5
 Petrify                  Alch/Erth      39%        N/A       11%         4
 Metabolic Englaciation   Hex/Ice        21%        N/A       22%         5
 Summon Forest            Summ/Tloc      21%        N/A       24%         5
 Borgnjor's Vile Clutch   Necr/Erth      18%        N/A       36%         5
 Ozocubu's Refrigeration  Ice            24%        4d12      69%         7
 Dispersal                Tloc           21%        N/A       78%         6
 Enfeeble                 Hex            18%        N/A       100%        7
 Discord                  Hex            18%        N/A       100%        8
 Maxwell's Capacitive Co  Air            29%        ∞         100%        8


Dungeon Overview and Level Annotations

Branches:
Dungeon (15/15)            Temple (1/1) D:5            Lair (5/5) D:8
 Shoals (4/4) Lair:2        Snake (1/4) Lair:3        Slime (0/5) Lair:4
    Orc (2/2) D:10            Elf (0/3) Orc:2        Vaults (0/5) D:14
 Depths (0/4) D:15

Altars:
Ashenzari
Cheibriados
Dithmenos
Elyvilon
Fedhas
Gozag
Hepliaklqana
Kikubaaqudgha
Makhleb
Nemelex Xobeh
Okawaru
Qazlal
Ru
Sif Muna
Trog
Uskayaw
Vehumet
Wu Jian
Xom
Yredelemnul
Zin
The Shining One
Jiyva

Shops:
D:1 *   D:3 ?   D:5 (   D:14 *   D:15 :   Orc:1 (   Orc:2 ([(*[   Shoals:1 *(

Portals:
Trove: D:12 (give +5 fire dragon scales)

Annotations:
D:15 3 runed translucent doors, R007833r's ghost, journeyman DrBe; Roxanne; Sareon's ghost, journeyman DgCj
Snake:1 Aizul


Message History

Okay, then.
Unknown command.
Press: ? - help, v - describe, . - travel, g - get item
Here: Aizul (lightly wounded) Item here: a shock serpent skeleton.
The floor.
Unknown command.
Unknown command.
Press: ? - help, v - describe, . - travel, g - get item
Here: Aizul (lightly wounded) Item here: a shock serpent skeleton.
The floor.
Unknown command.
Unknown command.
Unknown command.
Unknown command.
Blink to where?
Press: ? - help, Dir - move target A naga and a mana viper come into view.
The naga is wielding a +1 scimitar of protection.
As you read the scroll of blinking, it crumbles to dust.
The naga sharpshooter mumbles some strange words.
The naga sharpshooter magically shoots a bolt.
The bolt hits you!
* * * LOW HITPOINT WARNING * * *
Unknown command.
Casting: Starburst (mildly dangerous; 1% risk of failure)
Confirm with . or Enter, or press ? or * to list all spells.
Casting: Starburst (mildly dangerous; 1% risk of failure)
Press: ? - help, Dir - look around, f - activate You feel a surge of power!
The bolt of fire hits Aizul!!
Aizul is moderately wounded.
The bolt of fire hits the naga!!!
You kill the naga!
Vehumet accepts your kill.
The bolt of fire hits the naga sharpshooter!!!
The naga sharpshooter is heavily wounded.
You feel ready to blink again.
The naga sharpshooter shoots a bolt.
The bolt hits you!!
You die...

#.......##
#........
#.......# #
#.......#
###.#.......#
............#
............#
.N...).@....#
....[.......#
..[........##
....)..S..##
...S#....##
.N.###.§##
##. ##÷# .
#<# #)#


You could see Aizul, a naga sharpshooter (catching breath), a mana viper and a
naga.

Vanquished Creatures
  Polyphemus (Shoals:4)
  5 krakens
  The ghost of boo the Warrior, an adept HOFi of Okawaru (D:13)
  A quicksilver dragon zombie (D:15)
  10 merfolk impalers
  7 merfolk javelineers
  An entropy weaver (shapeshifter) (D:13)
  5 vault guards (D:14)
  A rakshasa (D:15)
  3 hydras
  6 catoblepae
  5 centaur warriors
  4 ogre magi
  3 two-headed ogres
  Erica (D:10)
  3 merfolk avatars
  2 alligator snapping turtles
  2 death knights
  An anaconda (Snake:1)
  9 merfolk aquamancers
  4 boulder beetles
  2 satyrs
  A naga warrior (Snake:1)
  13 death yaks
  2 tengu warriors (D:13)
  A vampire mage (D:15)
  3 orc high priests (Orc:2)
  An occultist (D:12)
  3 shock serpents (Snake:1)
  Sonja (D:11)
  5 skysharks
  12 sea snakes
  6 skeletal warriors
  A salamander mystic (Lair:3)
  2 deep elf archers
  An arcanist (D:14)
  A phantasmal warrior (D:14)
  A lindwurm (Lair:4)
  5 deep elf pyromancers
  7 orc knights
  A naga ritualist (Snake:1)
  25 harpies
  The ghost of jlumianski the Insei, a novice GnSh of Wu Jian (D:7)
  A mana viper (Snake:1)
  2 orc sorcerers
  A necromancer (D:15)
  19 ugly things
  9 cyclopes
  12 manticores
  18 fauns
  3 elephants (Lair:1)
  11 merfolk sirens
  2 meliai (D:15)
  6 water nymphs
  3 black mambas
  4 kobold blastminers
  An unseen horror (D:12)
  A naga mage (Snake:1)
  5 gargoyles
  A freezing wraith (D:14)
  A rime drake (Lair:4)
  9 cane toads
  3 kobold demonologists
  4 komodo dragons
  6 wind drakes
  48 merfolk
  4 polar bears
  7 trolls
  Prince Ribbit (D:6)
  A hornet (D:8)
  14 snapping turtles
  13 dream sheep
  8 blink frogs (Lair:1)
  Sigmund (D:6)
  A spriggan skeleton (D:15)
  4 slime creatures (D:12)
  A shadow (D:9)
  2 centaur simulacra
  A spriggan (Lair:3)
  3 water elementals
  5 wraiths
  2 vampires
  A human (D:14)
  A spriggan (shapeshifter) (D:12)
  5 wyverns
  4 wargs
  5 basilisks
  Grum (D:11)
  44 yaks
  3 steam dragons
  9 vampire mosquitoes
  Edmund (D:6)
  5 nagas
  An acid dragon (D:13)
  10 water moccasins
  22 orc warriors
  3 sky beasts
  7 black bears
  2 ice beasts (D:7)
  A laughing skull (D:12)
  15 wolves
  4 ogres
  4 boggarts (D:15)
  A phantom (D:7)
  12 centaurs
  A kobold brigand (D:8)
  15 bullfrogs
  3 gnoll sergeants
  2 scorpions
  10 wights
  15 killer bees
  An electric eel (Lair:3)
  10 howler monkeys
  5 jellies
  4 bombardier beetles
  15 orc priests
  A hound (D:6)
  A gnoll bouda (D:7)
  3 sleepcaps (D:5)
  4 iguanas (D:5)
  Natasha (thrice) (D:2)
  23 orc wizards
  23 gnolls
  7 adders
  2 white imps
  3 ribbon worms
  A dart slug (D:4)
  75 orcs
  8 ball pythons
  7 bats
  5 endoplasms
  5 giant cockroaches
  7 goblins
  3 hobgoblins
  10 jackals
  4 quokkas
  4 frilled lizards
  12 kobolds
  2 rats
  10 tentacles
873 creatures vanquished.

Vanquished Creatures (collateral kills)
  A meliai (D:15)
  A steam dragon (D:4)
  A scorpion (D:4)
  A sleepcap (D:4)
  An orc wizard (D:5)
  A gnoll (D:2)
  2 ribbon worms
  A giant cockroach (D:4)
  A bat (D:2)
  A rat (D:4)
11 creatures vanquished.

Vanquished Creatures (others)
  Psyche (D:9)
  2 killer bees (D:8)
  264 foxfires
  26 tentacles
293 creatures vanquished.

Grand Total: 1177 creatures vanquished

Notes
Turn   | Place    | Note
-------+----------+-------------------------------------------
     0 | D:1      | pokeman the Deep Elf Hedge Wizard began the quest for the
                  | Orb.
     0 | D:1      | Reached XP level 1. HP: 10/10 MP: 7/7
   129 | D:1      | Found Weacisol's General Store.
   234 | D:1      | Found a faded altar of an unknown god.
   383 | D:1      | Reached XP level 2. HP: 16/16 MP: 6/9
  1060 | D:2      | Reached skill level 5 in Spellcasting
  1288 | D:2      | Reached XP level 3. HP: 20/20 MP: 1/11
  1292 | D:2      | Learned a level 3 spell: Mephitic Cloud
  1295 | D:2      | Learned a level 2 spell: Call Imp
  1298 | D:2      | Learned a level 2 spell: Blink
  1886 | D:2      | Reached skill level 1 in Armour
  1995 | D:2      | Reached skill level 1 in Fighting
  2093 | D:2      | Reached XP level 4. HP: 19/25 MP: 0/13
  2221 | D:2      | Noticed Natasha
  2381 | D:2      | Killed Natasha
  2382 | D:2      | Reached skill level 6 in Spellcasting
  2389 | D:2      | Noticed Natasha
  2397 | D:2      | Killed Natasha
  2398 | D:2      | Reached XP level 5. HP: 21/29 MP: 7/15
  2486 | D:2      | Noticed Natasha
  2498 | D:2      | Killed Natasha
  3044 | D:3      | Found Hofenux's Magic Scroll Shop.
  3235 | D:3      | Found a basalt altar of Yredelemnul.
  3275 | D:3      | Found a sacrificial altar of Ru.
  3640 | D:4      | Reached skill level 1 in Evocations
  3666 | D:4      | Identified the +0 robe of the Ikuchi {rElec Str+3}
  4074 | D:4      | Found a bloodstained altar of Trog.
  4144 | D:4      | Reached skill level 1 in Alchemy
  4257 | D:4      | Reached XP level 6. HP: 31/34 MP: 12/17
  4260 | D:4      | Reached skill level 1 in Air Magic
  4269 | D:4      | Noticed a steam dragon
  4278 | D:4      | Reached skill level 7 in Spellcasting
  4285 | D:4      | Killed a steam dragon
  4296 | D:4      | Reached XP level 7. HP: 37/40 MP: 11/20
  4438 | D:4      | Reached skill level 8 in Spellcasting
  4701 | D:4      | Found a snail-covered altar of Cheibriados.
  4877 | D:4      | Reached skill level 9 in Spellcasting
  5034 | D:5      | Entered Level 5 of the Dungeon
  5073 | D:5      | Found an iron altar of Okawaru.
  5263 | D:5      | Reached XP level 8. HP: 44/44 MP: 16/23
  5286 | D:5      | Reached skill level 5 in Conjurations
  5701 | D:5      | Found a staircase to the Ecumenical Temple.
  5730 | Temple   | Found a transporter.
  5730 | Temple   | Found a transporter.
  5730 | Temple   | Found a transporter.
  5730 | Temple   | Found a transporter.
  5730 | Temple   | Entered the Ecumenical Temple
  5751 | Temple   | Became a worshipper of Vehumet
  5840 | D:5      | Reached skill level 10 in Spellcasting
  5996 | D:5      | Found Xeurom's Antique Weapon Shoppe.
  6449 | D:6      | Noticed Sigmund
  6462 | D:6      | Killed Sigmund
  6533 | D:6      | Learned a level 4 spell: Ignite Poison
  6556 | D:6      | Noticed Edmund
  6568 | D:6      | Killed Edmund
  6621 | D:6      | Reached skill level 1 in Fire Magic
  6658 | D:6      | Found a glowing silver altar of Zin.
  6929 | D:6      | Found a burning altar of Makhleb.
  6980 | D:6      | Noticed Prince Ribbit
  6986 | D:6      | Killed Prince Ribbit
  6987 | D:6      | Reached XP level 9. HP: 49/49 MP: 23/25
  7201 | D:6      | Found an opulent altar of Gozag.
  7247 | D:7      | Found a hide-covered altar of Uskayaw.
  7253 | D:7      | Reached skill level 11 in Spellcasting
  7258 | D:7      | Reached * piety under Vehumet
  7258 | D:7      | Offered knowledge of Kiss of Death by Vehumet.
  7677 | D:7      | Found a stormy altar of Qazlal.
  7915 | D:7      | Reached skill level 12 in Spellcasting
  7981 | D:7      | Found a runed translucent gate.
  7983 | D:7      | Found a runed translucent gate.
  7984 | D:7      | Found a runed translucent gate.
  7984 | D:7      | Noticed jlumianski's ghost (novice GnSh)
  8496 | D:8      | Reached ** piety under Vehumet
  8552 | D:8      | Offered knowledge of Shock by Vehumet.
  8564 | D:8      | Reached XP level 10. HP: 55/56 MP: 22/28
  8798 | D:8      | Upgraded the game from 0.31-a0-1469-gd420192249 to
                  | 0.31-a0-1499-ge0622b2318
  8873 | D:8      | Reached skill level 13 in Spellcasting
  9112 | D:8      | Noticed a deep elf pyromancer
  9117 | D:8      | Killed a deep elf pyromancer
  9118 | D:8      | Reached skill level 5 in Fire Magic
  9151 | D:8      | Found a shimmering blue altar of Sif Muna.
  9216 | D:8      | Found a staircase to the Lair.
  9267 | D:8      | Noticed a deep elf pyromancer
  9286 | D:8      | Killed a deep elf pyromancer
  9287 | D:8      | Noticed an orange demon
  9543 | D:8      | Learned a level 1 spell: Foxfire
  9550 | D:8      | Learned a level 6 spell: Starburst
  9569 | D:8      | Reached skill level 14 in Spellcasting
  9835 | D:8      | Offered knowledge of Momentum Strike by Vehumet.
 10508 | D:9      | Noticed Psyche
 10515 | D:9      | Killed Psyche
 10614 | D:9      | Reached XP level 11. HP: 61/61 MP: 30/31
 10619 | D:9      | Reached *** piety under Vehumet
 11260 | D:10     | Entered Level 10 of the Dungeon
 11272 | D:10     | Offered knowledge of Inner Flame by Vehumet.
 11463 | D:10     | Found a staircase to the Orcish Mines.
 11516 | D:10     | Found an ancient bone altar of Kikubaaqudgha.
 11647 | D:10     | Reached **** piety under Vehumet
 11750 | D:10     | Noticed Erica
 11759 | D:10     | Killed Erica
 11760 | D:10     | Reached skill level 15 in Spellcasting
 11924 | D:10     | Offered knowledge of Irradiate by Vehumet.
 11935 | D:10     | Learned a level 5 spell: Irradiate
 12292 | D:11     | Noticed a boulder beetle
 12293 | D:11     | Reached skill level 5 in Armour
 12302 | D:11     | Reached skill level 10 in Conjurations
 12304 | D:11     | Killed a boulder beetle
 12305 | D:11     | Noticed Sonja
 12316 | D:11     | Killed Sonja
 12599 | D:11     | Noticed a two-headed ogre
 12604 | D:11     | Killed a two-headed ogre
 12886 | D:11     | Noticed Grum
 12892 | D:11     | Reached skill level 16 in Spellcasting
 12892 | D:11     | Killed Grum
 13082 | D:11     | Identified 2 scrolls of acquirement
 13256 | Temple   | Acquired 1075 gold pieces
 13257 | Temple   | Acquired 623 gold pieces
 13613 | D:12     | Found a runed translucent door.
 13769 | D:12     | Found a runed translucent door.
 13770 | D:12     | Found a runed translucent door.
 13831 | D:12     | Noticed a deep elf pyromancer
 13843 | D:12     | Noticed a cyan ugly thing
 13847 | D:12     | Killed a deep elf pyromancer
 13849 | D:12     | Reached XP level 12. HP: 67/67 MP: 18/34
 13849 | D:12     | Identified the ring "Imouv" {Ice rN+++}
 13849 | D:12     | Noticed a centaur warrior
 13856 | D:12     | Killed a centaur warrior
 13889 | D:12     | Noticed a five-headed hydra
 13912 | D:12     | Noticed a boulder beetle
 13913 | D:12     | Identified the ring "Talaon" {Wiz rF+}
 14083 | D:12     | Found a portal to a secret trove of treasure.
 14167 | D:12     | Killed a five-headed hydra
 14375 | D:12     | Noticed an ogre mage
 14392 | D:12     | Identified the ring of Somuoth {rElec rF+ Will+ Dex+4
                  | Stlth-}
 14400 | D:12     | Identified the ring of Hiul {rPois rF+}
 14611 | D:12     | Killed a boulder beetle
 14612 | D:12     | Reached skill level 5 in Fighting
 14612 | D:12     | Reached skill level 17 in Spellcasting
 14956 | D:12     | Killed an ogre mage
 15071 | D:13     | Noticed an entropy weaver
 15182 | D:13     | Killed an entropy weaver
 15251 | D:13     | Noticed a tengu warrior
 15257 | D:13     | Killed a tengu warrior
 15362 | D:13     | Noticed a centaur warrior
 15375 | D:13     | Killed a centaur warrior
 15376 | D:13     | Reached skill level 18 in Spellcasting
 15530 | D:13     | Found a large runed translucent door.
 15530 | D:13     | Found a large runed translucent door.
 15532 | D:13     | Noticed boo's ghost (adept HOFi)
 15585 | D:13     | Noticed a tengu warrior
 15587 | D:13     | Killed a tengu warrior
 15616 | D:13     | Reached ***** piety under Vehumet
 15618 | D:13     | Offered knowledge of Orb of Destruction by Vehumet.
 15627 | D:13     | Learned a level 7 spell: Orb of Destruction
 15988 | D:13     | Killed boo's ghost
 16179 | D:14     | Noticed a vault guard
 16182 | D:14     | Killed a vault guard
 16183 | D:14     | Reached XP level 13. HP: 74/74 MP: 37/37
 16502 | D:14     | Reached skill level 10 in Fire Magic
 16674 | D:14     | You fall into a shaft and drop 1 floor!
 16674 | D:15     | Entered Level 15 of the Dungeon
 16692 | D:15     | Reached skill level 19 in Spellcasting
 16841 | D:14     | Found a blossoming altar of Fedhas.
 17146 | D:14     | Found Kig Cutt's General Store.
 17306 | D:14     | Found a gate to the Vaults.
 17416 | D:15     | Reached skill level 20 in Spellcasting
 17592 | D:15     | Reached XP level 14. HP: 82/82 MP: 39/40
 17794 | D:15     | Identified the granite talisman of Zoceh {Str+3}
 17794 | D:15     | Noticed Roxanne
 17811 | D:15     | Found a hazy altar of Hepliaklqana.
 17916 | D:15     | Reached skill level 1 in Ice Magic
 18019 | D:15     | Found a staircase to the Depths.
 18235 | D:15     | Found Lacs's Self-Improvement Boutique.
 18449 | D:15     | Found a runed translucent gate.
 18449 | D:15     | Found a runed translucent gate.
 18449 | D:15     | Found a runed translucent gate.
 18449 | D:15     | Noticed a lich
 18472 | D:15     | Found an ancient bone altar of Kikubaaqudgha.
 18472 | D:15     | Noticed Sareon's ghost (journeyman DgCj)
 18472 | D:15     | Noticed R007833r's ghost (journeyman DrBe)
 18473 | D:15     | Noticed a lich
 18473 | D:15     | Noticed a lich
 18769 | Temple   | Acquired the +2 cloak of Hairiness {rElec rC- rCorr}
 18770 | Temple   | Acquired 873 gold pieces
 18892 | Lair:1   | Entered Level 1 of the Lair of Beasts
 18981 | Lair:1   | Reached skill level 21 in Spellcasting
 19384 | D:1      | Bought a ring of flight for 192 gold pieces
 19429 | D:3      | Bought a scroll of blinking for 97 gold pieces
 19429 | D:3      | Bought a scroll of noise for 13 gold pieces
 19429 | D:3      | Bought a scroll of identify for 26 gold pieces
 19429 | D:3      | Bought a scroll of identify for 26 gold pieces
 19429 | D:3      | Bought a scroll of identify for 26 gold pieces
 19559 | D:7      | Killed jlumianski's ghost
 20195 | Lair:1   | Reached ****** piety under Vehumet
 20784 | Lair:2   | Found a staircase to the Shoals.
 21196 | Lair:3   | Found a staircase to the Snake Pit.
 21440 | Lair:3   | Offered knowledge of Freezing Cloud by Vehumet.
 21447 | Lair:3   | Learned a level 5 spell: Freezing Cloud
 22070 | Lair:4   | Found a staircase to the Slime Pits.
 22070 | Lair:4   | Found a viscous altar of Jiyva.
 22075 | Lair:4   | Reached XP level 15. HP: 86/86 MP: 42/42
 22494 | Lair:4   | Reached skill level 22 in Spellcasting
 22810 | Lair:5   | Entered Level 5 of the Lair of Beasts
 22989 | Lair:5   | Acquired a +0 buckler of reflection
 23518 | Lair:5   | Offered knowledge of Arcjolt by Vehumet.
 23566 | Lair:5   | Got Sif Muna's Octavo of Substances and Clouds
 24082 | Orc:1    | Entered Level 1 of the Orcish Mines
 24202 | Orc:1    | Found Buodei's Antique Weapon Emporium.
 24439 | Orc:2    | Entered Level 2 of the Orcish Mines
 24439 | Orc:2    | Found a staircase to the Elven Halls.
 24915 | Orc:2    | Offered knowledge of Fireball by Vehumet.
 24928 | Orc:2    | Learned a level 5 spell: Fireball
 25065 | Orc:2    | Found Plog's Armour Boutique.
 25065 | Orc:2    | Found Sehuzus's Antique Armour Emporium.
 25067 | Orc:2    | Found Peikh's Antique Weapon Boutique.
 25067 | Orc:2    | Found Zaufubb's General Store.
 25076 | Orc:2    | Bought a potion of mutation for 88 gold pieces
 25076 | Orc:2    | Bought a scroll of identify for 22 gold pieces
 25078 | Orc:2    | Bought a fine helmet for 209 gold pieces
 25078 | Orc:2    | Identified the +0 helmet of the Gusle {rC- Str+3} (You
                  | bought it in a shop on level 2 of the Orcish Mines)
 25200 | Orc:2    | Found Fenucaki's Weapon Boutique.
 25395 | Shoals:1 | Entered Level 1 of the Shoals
 25398 | Shoals:1 | Reached skill level 23 in Spellcasting
 25644 | Shoals:1 | Got the Grimoire of Ill Luck
 25693 | Shoals:1 | Reached XP level 16. HP: 72/92 MP: 39/45
 25702 | Shoals:1 | Reached skill level 15 in Conjurations
 25774 | Shoals:1 | Found Derebli's Weapon Boutique.
 25779 | Shoals:1 | Identified the amulet "Zyleipruo" {Acrobat -Tele rN+ Int+2}
 25981 | Shoals:1 | Found Depricsuisu's Mayhem Merchandise.
 26404 | Shoals:2 | Offered knowledge of Eringya's Noxious Bog by Vehumet.
 26852 | Shoals:2 | Reached skill level 1 in Shields
 26854 | Shoals:2 | Reached skill level 24 in Spellcasting
 28094 | Shoals:2 | Learned a level 8 spell: Ignition
 28095 | Shoals:3 | Noticed a kraken
 28100 | Shoals:3 | Killed a kraken
 28103 | Shoals:3 | Noticed a kraken
 28105 | Shoals:3 | Noticed a kraken
 28261 | Shoals:3 | Offered knowledge of Iskenderun's Battlesphere by Vehumet.
 28275 | Shoals:3 | Learned a level 5 spell: Iskenderun's Battlesphere
 28392 | Shoals:3 | Killed a kraken
 28883 | Shoals:3 | Noticed a kraken
 28890 | Shoals:3 | Killed a kraken
 29044 | Shoals:3 | Killed a kraken
 29045 | Shoals:3 | Reached XP level 17. HP: 55/96 MP: 26/47
 29357 | Shoals:4 | Entered Level 4 of the Shoals
 29388 | Shoals:4 | Reached skill level 25 in Spellcasting
 29529 | Shoals:4 | Noticed Polyphemus
 29534 | Shoals:4 | Killed Polyphemus
 29680 | Shoals:4 | Identified the amulet "Qaf Beis" {Acrobat rPois Will+ Str-4
                  | Dex+2}
 29799 | Shoals:4 | Noticed a kraken
 29802 | Shoals:4 | Killed a kraken
 29875 | Shoals:4 | Reached skill level 15 in Fire Magic
 30037 | Shoals:4 | Offered knowledge of Lehudib's Crystal Spear by Vehumet.
 30098 | Shoals:4 | Got a barnacled rune of Zot
 30265 | Shoals:4 | Got Spellcraft, Part Five
 30328 | Shoals:4 | Identified the staff of the Blind Eye {rF+ Dex+4 Stlth+
                  | Fire Air}
 31173 | Snake:1  | Entered Level 1 of the Snake Pit
 31179 | Snake:1  | Reached skill level 5 in Shields
 31210 | Snake:1  | Identified the serpent talisman "Cairura" {Dex+4}
 31210 | Snake:1  | Noticed Aizul
 31441 | Snake:1  | Shot with a bolt by a naga sharpshooter

Illustrated notes

Levels and vault maps discovered:
D:1:      dpeg_arrival_orchard, layout_loops_ring,
          dilly_ecumenical_altar_fadedgnrine, serial_shops,
          nicolae_shop_waterfront, serial_park_tiny_1
D:2:      layout_basic, uniq_natasha
D:3:      layout_loops_ring, mainiacjoe_overflow_concentric_impassable,
          overflow_temple_1_default, serial_shops, shop
D:4:      layout_basic, mainiacjoe_overflow_boulevard, kennysheep_mini,
          mainiacjoe_sewer_entry_somewhere_in_here_1
D:5:      layout_loops_cross, lemuel_crystal_altar, minmay_temple_entry_grid,
          serial_shops, nicolae_shop_tiny_real_fake_doors, grunt_ministairs_9,
          wad_floor_pattern_1
D:6:      layout_rooms, mainiacjoe_overflow_catwalk, kennysheep_little_box,
          lightli_temple_of_fire, uniq_edmund, uniq_prince_ribbit1, uniq_sigmund
D:7:      layout_rooms, nicolae_qazlal_beasts_of_the_sky, lemuel_round_altar,
          ebering_ghost_rock_garden
D:8:      layout_basic, david_lair_generic, serial_library,
          serial_library_hellmonk_room_b, serial_library_hellmonk_small_alcove,
          serial_library_hellmonk_octagon,
          serial_library_hellmonk_narrow_alcove,
          serial_library_regret_index_small_wings,
          serial_library_hellmonk_filled_rooms, serial_library_hellmonk_room_a
D:9:      layout_basic, uniq_psyche
D:10:     layout_roguey [special_room_orc], mainiacjoe_overflow_chevrons,
          orc_0_dummy, ldierk_geyser, uniq_erica
D:11:     layout_long_grid, uniq_sonja, uniq_grum
D:12:     minmay_the_grid_triangle_9x9_rhombus_full_mashed
          [minmay_the_grid_triangle_9x9_subtriangle,
          minmay_the_grid_triangle_9x9_descending_squares,
          minmay_the_grid_triangle_9x9_flanged_cone,
          minmay_the_grid_triangle_9x9_thin_v,
          minmay_the_grid_triangle_9x9_wacky_v,
          minmay_the_grid_triangle_9x9_tough_junction,
          minmay_the_grid_triangle_9x9_stretched_checkered,
          minmay_the_grid_triangle_9x9_prize_special], layout_gridville,
          enter_trove_2
D:13:     layout_rooms, ebering_ghost_disaster_area
D:14:     layout_roguey, grunt_vaults_entry_fortified, fedhas_altar_4,
          serial_shops, nicolae_shop_tiny_real_fake_doors
D:15:     gammafunk_depths_entry_grave, layout_loops_ring,
          gammafunk_ghost_crypt, nzn_hepliaklqana_mist_gate,
          nicolae_shop_self_help, uniq_roxanne
Temple:   hellmonk_temple_divided_pantheon
Lair:1:   layout_chaotic_city, nicolae_quartered_pool_little, grunt_megastairs_5
Lair:2:   layout_cave_shapes, nicolae_shoals_entry_roost
Lair:3:   layout_gridlike, guppyfry_snake_entry_island, minmay_holes,
          forest_entry_grove, grunt_megastairs_3, infiniplex_staircase_pool
Lair:4:   layout_loops_ring, slime_entry_1, grunt_megastairs_4
Lair:5:   evilmike_catoblepas_cave, layout_misc_corridors, grunt_megastairs_2
Shoals:1: layout_shoals, serial_shops, shop_fountains, minmay_shop_mayhem
Shoals:2: layout_shoals, st_sunken_temple
Shoals:3: nicolae_shoals_lighthouse, layout_shoals
Shoals:4: shoals_end_grunt_garden, layout_shoals,
          nicolae_shoals_square_sea_wall, uniq_polyphemus
Snake:1:  layout_gridlike, uniq_aizul
Orc:1:    layout_caves, serial_shops, shop
Orc:2:    grunt_orc_tribal_feast, layout_caves, serial_shops,
          nicolae_shop_temple_entry_statues_fountains, basic_altar,
          regret_index_minedec_devilstone

Skill      XL: |  1  2  3  4  5  6  7  8  9 10 11 12 13 14 15 16 17 |
---------------+----------------------------------------------------+-----
Spellcasting   | 5 6 7 9 10 12 14 16 18 20 21 23 24 25 | 25.8
Armour         | 1 2 3 4 5 7 8 9 |  9.0
Conjurations   | 2 3 4 7 8 9 10 11 12 13 14 15 16 | 16.5
Fighting       | 1 2 3 4 6 7 |  7.0
Stealth        | 3 |  3.0
Dodging        | 3 |  3.0
Evocations     | 1 |  1.0
Alchemy        | 1 |  1.0
Air Magic      | 1 |  1.0
Fire Magic     | 2 4 6 8 9 11 12 13 14 15 | 15.2
Ice Magic      | 2 |  2.3
Shields        | 3 5 |  5.1
Summonings     | |  1.1
Translocations | |  1.1

Action                     |  1- 3 |  4- 6 |  7- 9 | 10-12 | 13-15 | 16-18 || total
---------------------------+-------+-------+-------+-------+-------+-------++-------
  Melee: Dagger            |     6 |    71 |   133 |    74 |       |       ||   284
         Punch             |       |       |     2 |     1 |     1 |       ||     4
         Staff             |       |       |       |     6 |    19 |       ||    25
   Cast: Magic Dart        |   108 |    91 |   196 |    20 |     7 |       ||   422
         Call Imp          |     3 |     6 |     6 |     4 |       |       ||    19
         Mephitic Cloud    |     1 |     8 |    43 |    53 |    10 |       ||   115
         Ignite Poison     |       |       |    18 |    30 |       |       ||    48
         Blink             |       |       |     1 |     6 |     1 |     2 ||    10
         Foxfire           |       |       |       |   148 |       |       ||   148
         Starburst         |       |       |       |    74 |   301 |    47 ||   422
         Orb of Destructio |       |       |       |     5 |     8 |     1 ||    14
         Irradiate         |       |       |       |     5 |     1 |       ||     6
         Fireball          |       |       |       |       |    47 |   236 ||   283
         Freezing Cloud    |       |       |       |       |       |     1 ||     1
         Ignition          |       |       |       |       |       |     1 ||     1
    Use: Scroll            |       |       |       |    20 |    10 |     5 ||    35
   Stab: Confused          |       |    17 |    10 |     3 |       |       ||    30
 Armour: Robe              |    37 |    40 |   108 |    52 |       |       ||   237
         Steam dragon scal |       |       |       |    96 |    23 |       ||   119
         Acid dragon scale |       |       |       |       |    85 |    59 ||   144
  Dodge: Dodged            |    47 |    39 |   121 |   117 |    51 |    21 ||   396

Table legend: (Time is in decaauts)
 A = Elapsed time spent in this place.
 B = Non-inter-level travel time spent in this place.
 C = Inter-level travel time spent in this place.
 D = Time resting spent in this place.
 E = Time spent auto-exploring this place.
 F = Levels seen in this place.
 G = Mean time per level.
                   A        B        C        D        E       F      G
               +--------+--------+--------+--------+--------+-----+--------+
         Total |  31709 |  28586 |   3123 |   2066 |  21970 |  28 | 1132.5 |
       Dungeon |  20250 |  17778 |   2472 |   1228 |  13600 |  15 | 1350.0 |
        Temple |    190 |    166 |     24 |      0 |      0 |   1 |  190.0 |
          Lair |   4497 |   4082 |    415 |    240 |   3314 |   5 |  899.4 |
        Shoals |   5574 |   5408 |    166 |    598 |   4136 |   4 | 1393.5 |
     Snake Pit |     17 |     17 |      0 |      0 |      0 |   1 |   17.0 |
  Orcish Mines |   1178 |   1135 |     43 |      0 |    919 |   2 |  589.0 |
               +--------+--------+--------+--------+--------+-----+--------+

Top non-repeatable levels by time:
     D:8: 2069 daAuts
     D:5: 1948 daAuts
Shoals:2: 1864 daAuts
    D:12: 1656 daAuts
     D:2: 1545 daAuts
     D:4: 1468 daAuts
     D:1: 1405 daAuts
     D:7: 1383 daAuts
Shoals:4: 1367 daAuts
    D:14: 1362 daAuts
Shoals:3: 1270 daAuts
     D:9: 1215 daAuts
    D:11: 1190 daAuts
  Lair:3: 1181 daAuts
     D:6: 1160 daAuts
